 Dungeon Crawl Stone Soup version 0.28-a0-586-gbdb9d174a4 (webtiles) character file.

Game seed: 3164765295388017422

62 KristoblXynda the Sneak (level 4, 0/27 HPs)
             Began as an Octopode Enchanter on Oct 3, 2021.
             Killed from afar by an orc wizard (11 damage)
             ... with a puff of flame
             ... on level 3 of the Dungeon.
             The game lasted 00:02:28 (2198 turns).

KristoblXynda the Sneak (Octopode Enchanter)        Turns: 2198, Time: 00:02:29

Health: 0/27       AC:  1    Str:  8    XL:     4   Next: 8%
Magic:  7/7        EV: 13    Int: 17    God:
Gold:   52         SH:  0    Dex: 12    Spells: 5/7 levels left

rFire   . . .      SeeInvis .   a - +1 dagger
rCold   . . .      Faith    .   (no shield)
rNeg    . . .      Spirit   .   (helmet restricted)
rPois   .          Reflect  .   (no amulet)
rElec   .          Harm     .   (no ring)
rCorr   .          Rampage  .   (no ring)
Will    .....                   (no ring)
Stlth   ++++......              (no ring)
HPRegen 0.09/turn               (no ring)
MPRegen 0.10/turn               (no ring)
                                (no ring)
                                (no ring)

@: no status effects
A: almost no armour, amphibious, 8 rings, camouflage 1, gelatinous body 1,
(nimble swimmer 1), tentacles
a: no special abilities


You were on level 3 of the Dungeon.
You visited 1 branch of the dungeon, and saw 3 of its levels.

You collected 52 gold pieces.

Inventory:

Hand Weapons
 a - a +1 dagger (weapon)
Scrolls
 f - a scroll of immolation {unknown}
Potions
 b - a potion of invisibility
 c - a potion of curing {unknown}
 d - 2 potions of haste {unknown}
 e - a potion of lignification {unknown}
 g - 2 potions of mutation {unknown}
 h - a potion of degeneration {unknown}


   Skills:
 + Level 2.0 Short Blades
 - Level 2.6 Dodging
 + Level 4.8 Stealth
 - Level 2.0 Spellcasting
 + Level 3.5 Hexes


You had 5 spell levels left.
You knew the following spells:

 Your Spells              Type           Power      Damage    Failure   Level
a - Ensorcelled Hibernat  Hex/Ice        14%        N/A       14%         2

Your spell library contained the following spells:

 Spells                   Type           Power      Damage    Failure   Level
 Confusing Touch          Hex            13%        N/A       14%         3
 Tukima's Dance           Hex            13%        N/A       14%         3
 Dazzling Flash           Conj/Hex       14%        N/A       28%         3


Dungeon Overview and Level Annotations

Branches:
Dungeon (3/15)

Altars:
Kikubaaqudgha
Wu Jian


Innate Abilities, Weirdness & Mutations

You cannot wear most types of armour.
You are amphibious.
You can wear up to eight rings at the same time.
Your skin changes colour to match your surroundings (Stealth+).
Your rubbery body absorbs attacks. (AC +1, EV +1)
((You are camouflaged near water. (Stealth+)))
You have tentacles for arms and can constrict up to eight enemies at once.


Message History

You now have 52 gold pieces (gained 9).
Found a stone staircase leading down.
There is a stone staircase leading down here.
Found a chain mail.
You open the door.
There is an open door here.
There is an open door here.
You open the door.
There is an open door here.
You open the door.
Found an ornate altar of the Wu Jian Council.
No target in view!
There is an open door here.
There is an open door here.
There is an open door here.
Found a hand axe.
An orc comes into view. It is wielding a +0 club.
An orc and an orc wizard come into view.
Found 16 bolts.
The orc wizard shouts!
You hear a shout!
The orc wizard mumbles some strange words.
The orc wizard flickers and vanishes!
Deactivating autopickup; reactivate with Ctrl-A.
An orc comes into view. It is wielding a +0 short sword.
The orc moves out of view.
You start waiting.
You hear some strange, mumbled words.
A magic dart appears from out of thin air!
The magic dart hits you!
You hit something. You closely miss something. Something hits you.
You barely miss something. Something hits you.
Casting: Ensorcelled Hibernation (safe; 14% risk of failure)
Confirm with . or Enter, or press ? or * to list all spells.
You can't see any susceptible monsters within range! (Use Z to cast anyway.)
You hit something but do no damage.
You hear some strange, mumbled words.
A puff of flame appears from out of thin air!
The puff of flame hits you!
You die...

#.....#.....#
#.....#######
#.###.#
#.###.#######
#.......)...#
#####.#####.#
#.# #.# #@#
(..#####{#
o........+
..#.####.#
#.# #.# ..#
#.# #.#


There were no monsters in sight!

Vanquished Creatures
  Terence (D:2)
  4 bats
  3 endoplasms (D:1)
  3 giant cockroaches
  2 goblins (D:2)
  4 hobgoblins
  2 jackals (D:2)
  5 kobolds
  2 quokkas (D:2)
  5 ball pythons
  A frilled lizard (D:1)
  4 rats
36 creatures vanquished.

Notes
Turn   | Place    | Note
-------+----------+-------------------------------------------
     0 | D:1      | KristoblXynda the Octopode Enchanter began the quest for
                  | the Orb.
     0 | D:1      | Reached XP level 1. HP: 11/11 MP: 3/3
   222 | D:1      | Reached XP level 2. HP: 17/17 MP: 5/5
   445 | D:1      | Learned a level 2 spell: Ensorcelled Hibernation
   998 | D:2      | Reached XP level 3. HP: 21/21 MP: 6/6
  1089 | D:2      | Found an ancient bone altar of Kikubaaqudgha.
  1747 | D:2      | Noticed Terence
  1759 | D:2      | Killed Terence
  1760 | D:2      | Reached XP level 4. HP: 11/27 MP: 7/7
  2134 | D:3      | Found an ornate altar of the Wu Jian Council.
  2198 | D:3      | Killed from afar by an orc wizard

Illustrated notes

Levels and vault maps discovered:
D:1:      lemuel_arrival_broad_hall, layout_loops_cross, solitary_fountain,
          chequers_mini_garden
D:2:      layout_rooms, basic_altar, bh_walls_and_bars, uniq_terence
D:3:      layout_basic, nicolae_wu_jian_immortal_techniques,
          hellmonk_ecumenical_altar_inner_sanctum, uniq_ijyb, uniq_sigmund

Skill      XL: |  1  2  3 |
---------------+----------+-----
Short Blades   | 2 |  2.0
Dodging        | |  2.6
Stealth        | |  4.8
Spellcasting   | |  2.0
Hexes          | |  3.5

Action                   |  1- 3 |  4- 6 || total
-------------------------+-------+-------++-------
Melee: Dagger            |    81 |     6 ||    87
       Tentacles         |    12 |       ||    12
       Constrict         |    16 |       ||    16
 Cast: Ensorcelled Hiber |     2 |       ||     2
 Stab: Sleeping          |    12 |     2 ||    14
Armor: Skin              |     6 |       ||     6
Dodge: Dodged            |    52 |       ||    52

Table legend: (Time is in decaauts)
 A = Elapsed time spent in this place.
 B = Non-inter-level travel time spent in this place.
 C = Inter-level travel time spent in this place.
 D = Time resting spent in this place.
 E = Time spent auto-exploring this place.
 F = Levels seen in this place.
 G = Mean time per level.
                   A        B        C        D        E       F      G
               +--------+--------+--------+--------+--------+-----+--------+
         Total |   2190 |   2162 |     28 |    445 |   1413 |   3 |  730.0 |
       Dungeon |   2190 |   2162 |     28 |    445 |   1413 |   3 |  730.0 |
               +--------+--------+--------+--------+--------+-----+--------+

Top non-repeatable levels by time:
     D:2: 1116 daAuts
     D:1: 934 daAuts
     D:3: 139 daAuts
